 Dungeon Crawl Stone Soup version 0.29-a0-72-g1732ff48e7 (webtiles) character file.

Game seed: 3533624379597589959

17 willcat the Poker (level 2, 0/22 HPs)
             Began as a Human Gladiator on Feb 4, 2022.
             Succumbed to an adder's poison
             ... on level 2 of the Dungeon.
             The game lasted 00:00:42 (963 turns).

willcat the Poker (Human Gladiator)                  Turns: 963, Time: 00:00:43

Health: 0/22       AC:  3    Str: 14    XL:     2   Next: 80%
Magic:  2/2        EV: 12    Int:  8    God:
Gold:   62         SH:  0    Dex: 14    Spells: 1/1 levels left

rFire   . . .      SeeInvis .   a - +0 trident
rCold   . . .      Faith    .   (no shield)
rNeg    . . .      Spirit   .   b - +0 leather armour
rPois   .          Reflect  .   (helmet restricted)
rElec   .          Harm     .   (no cloak)
rCorr   .          Rampage  .   (no gloves)
Will    .....                   (no boots)
Stlth   +.........              i - amulet of magic regeneration
HPRegen 0.07/turn               (no ring)
MPRegen 0.48/turn               (no ring)

@: lethally poisoned (0 -> -5)
A: horns 1
a: no special abilities


You were on level 2 of the Dungeon.
You visited 1 branch of the dungeon, and saw 2 of its levels.

You collected 62 gold pieces.

Inventory:

Hand Weapons
 a - a +0 trident (weapon)
Missiles
 d - 3 throwing nets (quivered)
Armour
 b - a +0 leather armour (worn)
 c - a +0 helmet
Jewellery
 i - an amulet of magic regeneration (around neck)
Scrolls
 e - a scroll of fear {unknown}
 g - a scroll of magic mapping {unknown}
 h - a scroll of torment {unknown}


   Skills:
 - Level 2.0 Fighting
 + Level 3.3 Polearms
 - Level 2.0 Throwing
 + Level 1.2 Armour
 - Level 3.2 Dodging


You had one spell level left.
You didn't know any spells.
Your spell library was empty.

Dungeon Overview and Level Annotations

Branches:
Dungeon (2/15)

Altars:


Innate Abilities, Weirdness & Mutations

You have a pair of small horns on your head.


Message History

The adder is lightly wounded.
The adder bites you. The adder closely misses you.
You barely miss the adder.
The adder is lightly wounded.
The adder closely misses you. The adder bites you.
You are poisoned.
The adder poisons you!
You hit the adder.
The adder is moderately wounded.
You feel sick. The adder bites you.
You barely miss the adder.
The adder is moderately wounded.
You feel sick. The adder misses you.
You miss the adder.
The adder is moderately wounded.
You feel sick.
You are no longer poisoned.
The adder bites you.
You are poisoned.
The adder poisons you! The adder bites you but does no damage.
You closely miss the adder.
The adder is moderately wounded.
You feel sick. The adder bites you.
* * * LOW HITPOINT WARNING * * *
You puncture the adder!
The adder is almost dead.
* * * LOW HITPOINT WARNING * * *
You feel sick. The adder closely misses you. The adder bites you.
* * * LOW HITPOINT WARNING * * *
You are more poisoned.
The adder poisons you!
It was a potion of mutation.
You feel extremely strange. A pair of horns grows on your head!
Your +0 helmet falls away!
* * * LOW HITPOINT WARNING * * *
You feel sick. The adder barely misses you.
Unknown command.
You completely miss the adder.
The adder is almost dead.
You die...

.# .### .# ... .#
#.####+###.#
#..........#####
#............... #
#..>............ ...
#...<....######.....
#####........SBS@.......
..............#########.
.....<##........# .##
......####......#
###..## ......# #......#
#..... ......# #......#
#.... ......# #......#
#...# ......# #......#
#...+ ......# #......##
#...#


You could see 2 adders and a giant cockroach.

Vanquished Creatures
  An endoplasm (D:1)
  A goblin (D:2)
  2 hobgoblins (D:1)
  A quokka (D:1)
  3 ball pythons
  4 frilled lizards
  2 kobolds (D:1)
  5 rats (D:1)
19 creatures vanquished.

Notes
Turn   | Place    | Note
-------+----------+-------------------------------------------
     0 | D:1      | willcat the Human Gladiator began the quest for the Orb.
     0 | D:1      | Reached XP level 1. HP: 16/16 MP: 1/1
   197 | D:1      | Reached XP level 2. HP: 20/22 MP: 2/2
   403 | D:1      | Reached skill level 1 in Armour
   962 | D:2      | Gained mutation: You have a pair of small horns on your
                  | head. [potion of mutation]
   962 | D:2      | HP: 1/22 [poisoned by an adder]
   963 | D:2      | Succumbed to an adder's poison

Illustrated notes

Levels and vault maps discovered:
D:1:      arrival_zaba_pyramid, layout_loops_ring
D:2:      layout_basic, ebering_ecumenical_altar_webs, uniq_sigmund,
          uniq_terence

Skill      XL: |  1  2 |
---------------+-------+-----
Armour         | 1 |  1.2
Fighting       | |  2.0
Polearms       | |  3.3
Throwing       | |  2.0
Dodging        | |  3.2

Action                   || total
-------------------------++-------
Melee: Trident           ||    66
  Use: Potion            ||     1
Armor: Leather armour    ||    12
Dodge: Dodged            ||    35

Table legend: (Time is in decaauts)
 A = Elapsed time spent in this place.
 B = Non-inter-level travel time spent in this place.
 C = Inter-level travel time spent in this place.
 D = Time resting spent in this place.
 E = Time spent auto-exploring this place.
 F = Levels seen in this place.
 G = Mean time per level.
                   A        B        C        D        E       F      G
               +--------+--------+--------+--------+--------+-----+--------+
         Total |    972 |    969 |      3 |      0 |    811 |   2 |  486.0 |
       Dungeon |    972 |    969 |      3 |      0 |    811 |   2 |  486.0 |
               +--------+--------+--------+--------+--------+-----+--------+

Top non-repeatable levels by time:
     D:1: 869 daAuts
     D:2: 103 daAuts
